 Dungeon Crawl Stone Soup version 0.24.0-10-g970556be89 (console) character file.

Game seed: 9558040144278060172, levelgen mode: deterministic

446 AlterAsc the Changer (level 6, 0/47 HPs)
             Began as a Draconian Transmuter on Nov 3, 2019.
             Succumbed to an orc wizard's poison
             ... on level 3 of the Dungeon.
             The game lasted 00:12:18 (3848 turns).

AlterAsc the Changer (Draconian Transmuter)         Turns: 3848, Time: 00:12:19

Health: 0/47       AC:  9    Str: 15    XL:     6   Next: 73%
Magic:  11/11      EV: 12    Int: 13    God:
Gold:   174        SH:  0    Dex: 11    Spells: 9/12 levels left

rFire    . . .     SeeInvis .     - Unarmed
rCold    . . .     Gourm    .   (no shield)
rNeg     . . .     Faith    +   (armour unavailable)
rPois    .         Spirit   .   i - +2 hat
rElec    .         Reflect  .   (no cloak)
rCorr    +         Harm     .   w - +0 pair of gloves
MR       .....                  (no boots)
Stlth    +.........             r - amulet of faith
HPRegen  0.15/turn              k - ring of resist corrosion
MPRegen  0.12/turn              (no ring)

@: lethally poisoned (0 -> -26)
A: unfitting armour, cold-blooded, AC +6
a: no special abilities


You were on level 3 of the Dungeon.
You were not hungry.

You visited 1 branch of the dungeon, and saw 4 of its levels.

You collected 174 gold pieces.

Inventory:

Missiles
 a - 59 arrows
 d - 12 poisoned darts (quivered)
Armour
 i - a +2 hat (worn)
 w - a +0 pair of gloves (worn)
Jewellery
 k - a ring of resist corrosion (left hand)
 r - an amulet of faith (around neck)
Wands
 p - a wand of random effects (11)
 t - a wand of acid (9)
Scrolls
 b - 5 scrolls of remove curse {unknown}
 e - 2 scrolls of fear {unknown}
 g - 2 scrolls of teleportation {unknown}
 h - a scroll of fog {unknown}
 j - 3 scrolls of identify {unknown}
 n - a scroll of magic mapping {unknown}
 o - a scroll of enchant weapon {unknown}
 s - a scroll of blinking {unknown}
Potions
 f - a potion of degeneration {unknown}
 l - 2 potions of magic {unknown}
 m - a potion of curing {unknown}
 q - a potion of ambrosia {unknown}
 u - a potion of flight {unknown}
Comestibles
 c - 12 rations
 v - a chunk of flesh


   Skills:
 - Level 1.1 Fighting
 - Level 2.0 Dodging
 + Level 4.5 Unarmed Combat
 + Level 3.7 Spellcasting
 * Level 5.2 Transmutations


You had 9 spell levels left.
You knew the following spells:

 Your Spells              Type           Power        Failure   Level  Hunger
a - Beastly Appendage     Tmut           ###...       2%          1    #......
b - Sticks to Snakes      Tmut           ###.....     3%          2    ##.....

Your spell library contained the following spells:

 Spells                   Type           Power        Failure   Level  Hunger
 Spider Form              Tmut/Pois      #.........   22%         3    ###....
 Blade Hands              Tmut           ###.......   56%         5    ######.
 Ice Form                 Ice/Tmut       #.......     58%         4    #####..


Dungeon Overview and Level Annotations

Branches:
Dungeon (4/15)
 Temple: D:4-7

Altars:
Ashenzari
Vehumet

Annotations:
D:2 Sigmund


Innate Abilities, Weirdness & Mutations

Your plain brown scales are hard. (AC +6)
You cannot fit into any form of body armour.
You are cold-blooded and may be slowed by cold attacks.


Message History

You feel very sick.
* * * LOW HITPOINT WARNING * * *
You feel very sick.
* * * LOW HITPOINT WARNING * * *
You feel very sick.
A puff of flame appears from out of thin air!
The puff of flame hits you but does no damage.
* * * LOW HITPOINT WARNING * * *
You feel sick.
A puff of flame appears from out of thin air!
The puff of flame misses you.
The orc throws a boomerang.
The boomerang hits you.
* * * LOW HITPOINT WARNING * * *
The weapon returns to the orc!
There is a stone staircase leading up here.
* * * LOW HITPOINT WARNING * * *
You feel sick.
The orc throws a boomerang.
The weapon returns to the orc!
You climb upwards.
Reactivating autopickup.
You die...

#............###
####..........<..#
##>.)#...##.......†
##.....########..###
#.......# ##...#
#......÷# ###..
#.......####### ###
##............#
#..@......###.###
#.......#.......##
#........#.......###
##..................
#..................
#..................
#...............#..
#...............###
#...............# #


There were no monsters in sight!

Vanquished Creatures
  A sky beast (D:3)
  A bullfrog (D:3)
  An orc wizard (D:3)
  An orc priest (D:4)
  Natasha (thrice) (D:3)
  5 gnolls
  4 adders
  2 worms (D:2)
  A leopard gecko (D:3)
  8 orcs
  A ball python (D:1)
  4 giant cockroaches
  12 goblins
  6 hobgoblins
  5 jackals
  4 bats
  4 frilled lizards
  9 kobolds
  A rat (D:3)
73 creatures vanquished.

Notes
Turn   | Place    | Note
-------+----------+-------------------------------------------
     0 | D:1      | AlterAsc the Draconian Transmuter began the quest for the
                  | Orb.
     0 | D:1      | Reached XP level 1. HP: 16/16 MP: 3/3
   564 | D:1      | Reached XP level 2. HP: 11/23 MP: 3/5
  1328 | D:1      | Reached XP level 3. HP: 19/28 MP: 6/6
  1429 | D:1      | Reached skill level 3 in Transmutations
  1792 | D:2      | Reached XP level 4. HP: 31/35 MP: 5/7
  2090 | D:2      | Noticed Sigmund
  2436 | D:3      | Noticed a sky beast
  2564 | D:3      | Learned a level 2 spell: Sticks to Snakes
  2593 | D:3      | Noticed Natasha
  2616 | D:3      | Killed Natasha
  2616 | D:3      | Reached XP level 5. HP: 30/40 MP: 4/9
  2646 | D:3      | Noticed Natasha
  2658 | D:3      | Killed Natasha
  2658 | D:3      | Reached skill level 4 in Transmutations
  2893 | D:3      | Noticed Natasha
  2917 | D:3      | Killed Natasha
  2994 | D:3      | Reached XP level 6. HP: 35/47 MP: 10/10
  3614 | D:3      | Killed a sky beast
  3614 | D:3      | Reached skill level 5 in Transmutations
  3647 | D:3      | Found a faded altar of an unknown god.
  3669 | D:3      | Found a shattered altar of Ashenzari.
  3671 | D:3      | Found a radiant altar of Vehumet.
  3848 | D:3      | Succumbed to an orc wizard's poison

Levels and vault maps discovered:
D:1:      psy_arrival_conway, layout_basic, minmay_close_crescents
D:2:      layout_basic, st_stairs_12, uniq_sigmund
D:3:      layout_rooms, nicolae_overflow_hidden_temple,
          chequers_ecumenical_altar_twisty, grunt_decor_one_mirror,
          minivault_23, minmay_misc_feat_pillars, minmay_quadrilaterals,
          uniq_natasha
D:4:      layout_basic, first_ration

Skill      XL: |  1  2  3  4  5  6 |
---------------+-------------------+-----
Dodging        | 2 |  2.0
Transmutations | 3 4 5 |  5.2
Spellcasting   | 3 |  3.7
Unarmed Combat | 4 |  4.5
Fighting       | |  1.1

Action                   |  1- 3 |  4- 6 || total
-------------------------+-------+-------++-------
Melee: Unarmed           |    62 |   125 ||   187
       Tailslap          |     7 |    11 ||    18
       Headbutt          |     4 |     8 ||    12
       Kick              |     2 |     4 ||     6
       Punch             |     1 |     2 ||     3
Throw: Dart              |    61 |    96 ||   157
 Cast: Beastly Appendage |    12 |    18 ||    30
       Sticks to Snakes  |       |     7 ||     7
 Stab: Sleeping          |       |     1 ||     1
  Eat: Chunk             |     3 |     7 ||    10
Armor: Skin              |    20 |    61 ||    81
Dodge: Dodged            |    59 |   103 ||   162
